Map: Blackburn LE

Players

TeebuL

  • Race: Protoss Protoss
  • League: Gold

Probe - Winner!

  • Race: Protoss Protoss

Event: DreamHack SC2 Masters 2021 Summer

VOD

Have the link to the VOD?

Description

Time

  • Played on: May 22, 2021, 5:50 a.m.
  • Length: 13:15

All games in this series

Show
View Real Time Build Order
Export as new Build Order

TeebuL Protoss 

Build Orders:  

Get SALT Encoding   

  12  0:01  Probe  
  13  0:13  Probe  
  14  0:21  Pylon  
  14  0:25  Probe  
  15  0:39  Probe (Chrono Boost)  
  16  0:43  Gateway  
  16  0:49  Probe (Chrono Boost)  
  17  0:51  Assimilator  
  17  0:53  Probe (Chrono Boost)  
  18  1:05  Probe  
  19  1:17  Probe  
  20  1:21  Pylon  
  22  1:32  Cybernetics Core  
  22  1:33  Probe  
  22  1:37  Pylon  
  21  1:50  Nexus  
  21  1:53  Probe  
  22  2:01  Assimilator  
  22  2:10  Cybernetics Core  
  22  2:12  Adept (Chrono Boost)  
  24  2:17  Probe  
  25  2:22  Warp Gate  
  25  2:29  Probe  
  26  2:36  Stalker  
  28  2:41  Probe  
  29  2:50  Pylon  
  29  2:53  Probe (Chrono Boost)  
  30  2:59  Gateway  
  30  3:02  Probe (Chrono Boost)  
  32  3:05  Probe (Chrono Boost)  
  32  3:11  Probe (Chrono Boost), Shield Battery  
  33  3:14  Probe (Chrono Boost)  
  32  3:20  Stalker  
  32  3:23  Probe  
  32  3:25  Probe  
  36  3:32  Twilight Council  
  36  3:35  Probe (Chrono Boost)  
  36  3:40  Probe (Chrono Boost)  
  38  3:47  Probe (Chrono Boost)  
  39  3:53  Probe (Chrono Boost)  
  39  3:54  Probe (Chrono Boost), Gateway  
  41  4:01  Probe (Chrono Boost)  
  43  4:03  Blink (Chrono Boost)  
  43  4:05  Probe (Chrono Boost)  
  43  4:06  Forge  
  43  4:10  Sentry  
  43  4:13  Probe (Chrono Boost)  
  43  4:14  Pylon  
  47  4:17  Probe (Chrono Boost)  
  47  4:19  Probe (Chrono Boost)  
  47  4:24  Assimilator  
  48  4:25  Stalker  
  48  4:26  Probe  
  48  4:29  Probe  
  52  4:36  Gateway, Protoss Ground Weapons Level 1 (Chrono Boost)  
  52  4:43  Stalker  
  54  4:55  Nexus  
  54  4:57  Pylon  
  54  4:59  Stalker  
  56  5:04  Stalker  
  56  5:06  Probe  
  60  5:07  Probe  
  60  5:12  Stalker  
  62  5:18  Probe  
  62  5:19  Probe  
  62  5:21  Pylon  
  64  5:29  Stalker x2  
  64  5:35  Stalker  
  70  5:39  Probe  
  70  5:41  Stalker  
  73  5:44  Probe  
  70  5:57  Pylon  
  70  5:58  Pylon  
  70  5:59  Gateway  
  70  6:03  Probe  
  69  6:11  Probe  
  68  6:12  Stalker x3  
  74  6:19  Protoss Ground Weapons Level 2 (Chrono Boost)  
  74  6:20  Probe  
  74  6:23  Probe  
  74  6:29  Robotics Facility, Gateway  
  74  6:32  Probe, Gateway  
  75  6:35  Probe x2  
  77  6:40  Stalker  
  77  6:41  Stalker  
  77  6:42  Stalker  
  77  6:44  Probe  
  84  6:47  Probe  
  84  6:50  Probe  
  84  6:51  Pylon  
  86  6:55  Sentry  
  86  6:58  Charge  
  88  7:04  Stalker x2  
  88  7:05  Stalker  
  94  7:09  Shield Battery  
  94  7:16  Nexus  
  94  7:17  Pylon  
  94  7:22  Stalker, Observer  
  97  7:24  Stalker  
  97  7:29  Adept x2  
  103  7:37  Zealot x2  
  103  7:40  Gateway  
  103  7:43  Gateway  
  105  7:46  Pylon, Gateway  
  105  7:49  Sentry, Zealot x3  
  105  7:51  Probe  
  112  7:53  Probe  
  112  7:54  Probe  
  114  8:02  Immortal (Chrono Boost)  
  114  8:03  Probe  
  119  8:05  Probe  
  119  8:12  Photon Cannon  
  120  8:14  Pylon  
  120  8:16  Zealot x2  
  120  8:18  Pylon x2  
  124  8:21  Protoss Ground Weapons Level 3 (Chrono Boost)  
  124  8:29  Zealot x2  
  124  8:30  Zealot x2  
  131  8:41  Zealot x5  
  131  8:45  Immortal (Chrono Boost)  
  145  8:53  Assimilator, Probe  
  146  8:58  Zealot x3  
  152  9:04  Templar Archives  
  148  9:12  Zealot x3  
  148  9:13  Assimilator, Zealot x3  
  156  9:25  Zealot  
  156  9:26  Zealot x2  
  162  9:33  Photon Cannon  
  162  9:35  Pylon x3  
  162  9:37  Pylon  
  162  9:47  Zealot  
  164  9:53  Immortal  
  164  9:55  Zealot x8  
  169  10:13  Probe x2  
  169  10:14  Probe x2  
  169  10:15  Zealot x7  
  169  10:16  Zealot x2  
  184  10:25  Probe  
  184  10:26  Probe x3  
  188  10:37  Probe  
  188  10:38  Probe  
  188  10:47  Pylon  
  188  10:49  Pylon  
  188  10:53  Pylon  
  188  10:54  Pylon x2  
  188  11:00  Photon Cannon  
  188  11:07  Warp Prism (Chrono Boost)  
  190  11:17  High Templar x5  
  200  11:22  Archon x2  
  200  11:24  High Templar  
  200  11:30  Archon  
  198  11:42  Observer (Chrono Boost)  
  198  11:44  Pylon, Photon Cannon  
  196  11:47  High Templar  
  196  11:48  High Templar  
  196  11:50  Probe  
  196  11:53  Photon Cannon  
  197  11:55  Archon  
  191  12:02  Observer  
  191  12:06  High Templar  
  191  12:07  High Templar x3  
  166  12:15  Zealot x3  
  146  12:16  Archon  
  146  12:28  Photon Cannon  
  146  12:29  Archon  
  134  12:37  Probe x3  
  134  12:38  Probe  
  124  12:47  Zealot x9  
  124  12:49  Probe  
Show
View Real Time Build Order
Export as new Build Order

Probe Protoss - Winner!

Build Orders: Blink Stalkers 

Get SALT Encoding   

  12  0:00  Probe  
  13  0:12  Probe  
  14  0:19  Pylon  
  14  0:24  Probe  
  15  0:38  Probe (Chrono Boost)  
  15  0:39  Gateway  
  16  0:46  Probe (Chrono Boost)  
  16  0:47  Assimilator  
  17  0:52  Probe  
  18  1:04  Probe (Chrono Boost)  
  18  1:05  Assimilator  
  19  1:13  Pylon, Probe (Chrono Boost)  
  20  1:18  Probe (Chrono Boost)  
  21  1:27  Cybernetics Core  
  21  1:31  Zealot  
  23  1:38  Probe  
  23  1:50  Probe  
  24  2:02  Stalker (Chrono Boost), Probe  
  24  2:04  Warp Gate  
  27  2:13  Pylon  
  27  2:14  Probe  
  28  2:24  Stalker  
  28  2:26  Probe  
  31  2:42  Probe  
  32  2:45  Gateway  
  32  2:54  Sentry  
  32  2:58  Shield Battery  
  34  3:00  Nexus  
  34  3:08  Shield Battery  
  34  3:09  Probe  
  35  3:14  Twilight Council  
  35  3:21  Probe  
  36  3:28  Pylon, Shield Battery  
  36  3:33  Probe (Chrono Boost)  
  37  3:39  Shield Battery  
  37  3:43  Probe (Chrono Boost)  
  37  3:48  Probe (Chrono Boost)  
  38  3:50  Blink (Chrono Boost)  
  38  3:52  Sentry  
  41  4:00  Probe  
  42  4:09  Forge  
  42  4:12  Phoenix  
  42  4:14  Probe x2 (Chrono Boost)  
  44  4:23  Sentry  
  48  4:25  Probe (Chrono Boost)  
  48  4:28  Probe (Chrono Boost)  
  48  4:30  Probe (Chrono Boost)  
  48  4:35  Robotics Facility  
  48  4:36  Probe  
  50  4:40  Probe  
  50  4:41  Assimilator, Protoss Ground Weapons Level 1 (Chrono Boost)  
  51  4:48  Probe  
  51  4:52  Probe  
  53  4:54  Gateway  
  53  4:57  Gateway  
  53  5:00  Probe  
  53  5:04  Probe  
  55  5:10  Nexus  
  55  5:12  Phoenix  
  55  5:15  Probe  
  55  5:16  Pylon  
  56  5:25  Stalker x2  
  60  5:35  Immortal  
  64  5:38  Shield Battery  
  65  5:42  Probe  
  65  5:43  Probe  
  66  5:50  Stalker x2  
  66  5:53  Pylon  
  70  6:01  Probe  
  67  6:05  Probe  
  67  6:08  Stalker x2  
  67  6:11  Pylon x2  
  66  6:13  Probe  
  66  6:18  Probe (Chrono Boost)  
  68  6:22  Stalker  
  68  6:23  Stalker  
  68  6:24  Probe (Chrono Boost)  
  73  6:26  Probe (Chrono Boost)  
  73  6:32  Observer  
  76  6:36  Probe x2 (Chrono Boost)  
  76  6:37  Probe (Chrono Boost)  
  78  6:41  Protoss Ground Weapons Level 2 (Chrono Boost), Probe (Chrono Boost)  
  78  6:42  Pylon, Probe (Chrono Boost)  
  78  6:43  Probe (Chrono Boost)  
  78  6:45  Stalker x2  
  85  6:50  Probe  
  85  6:52  Probe  
  87  6:54  Probe  
  87  6:56  Observer  
  87  7:00  Pylon  
  89  7:02  Probe  
  89  7:04  Probe  
  89  7:06  Probe  
  92  7:12  Gateway  
  92  7:14  Charge  
  92  7:15  Gateway x2  
  92  7:18  Gateway  
  92  7:21  Stalker  
  92  7:22  Stalker  
  96  7:25  Assimilator  
  96  7:28  Photon Cannon  
  96  7:34  Stalker  
  96  7:35  Observer  
  94  7:47  Probe  
  94  7:48  Probe  
  94  7:56  Templar Archives  
  94  7:59  Stalker, Zealot x2  
  94  8:00  Nexus  
  94  8:04  Pylon  
  100  8:06  Pylon  
  100  8:07  Photon Cannon  
  100  8:09  Photon Cannon  
  100  8:10  Pylon  
  100  8:11  Pylon  
  100  8:12  Pylon  
  100  8:16  Gateway  
  100  8:17  Gateway  
  100  8:20  Zealot x2  
  100  8:26  Warp Prism  
  106  8:35  Pylon  
  106  8:36  High Templar  
  106  8:37  Zealot x3, High Templar  
  116  8:42  Archon  
  116  8:43  Probe x3  
  116  8:45  Protoss Ground Weapons Level 3 (Chrono Boost)  
  116  8:47  Photon Cannon  
  119  8:52  Zealot x2  
  119  8:53  Zealot  
  125  9:06  Zealot  
  125  9:07  Zealot x2  
  127  9:21  High Templar x2  
  127  9:22  Zealot x5  
  141  9:24  Assimilator  
  141  9:28  Photon Cannon  
  141  9:30  Archon  
  141  9:33  Probe x2  
  141  9:34  Shield Battery  
  141  9:37  Zealot x3  
  149  9:43  Zealot x3  
  153  9:49  Dark Shrine  
  153  9:51  Zealot x2  
  151  10:02  Probe  
  151  10:04  High Templar x2  
  151  10:05  Zealot x6  
  166  10:09  Assimilator, Archon  
  166  10:13  Assimilator  
  162  10:17  Zealot x2  
  162  10:21  Robotics Bay  
  164  10:24  Robotics Facility  
  158  10:34  Shield Battery  
  158  10:35  Shield Battery  
  158  10:36  Shield Battery, High Templar x2  
  158  10:39  Zealot x2  
  158  10:40  Zealot x5  
  158  10:42  Archon  
  174  10:45  Pylon x2  
  168  10:52  Photon Cannon  
  168  10:57  Photon Cannon  
  168  10:58  Pylon  
  168  11:00  Shield Battery  
  168  11:04  Dark Templar x3  
  168  11:07  Disruptor (Chrono Boost)  
  177  11:12  Disruptor (Chrono Boost)  
  176  11:22  Zealot x5  
  182  11:29  High Templar x2  
  184  11:35  Archon  
  184  11:44  Disruptor  
  184  11:45  Disruptor  
  184  11:54  Dark Templar  
  184  11:59  Assimilator  
  146  12:17  Stalker x7  
  146  12:20  Disruptor  
  161  12:23  Disruptor  
  161  12:25  Zealot x2  
  166  12:37  Dark Templar  
  162  12:45  Zealot x3  
  162  12:46  Zealot x6  
Tags
 
Add a new tag
Caveats
  • Supply blocks, unpowered buildings, or Contaminate may cause inaccurate times.
  • Supply counts are checked every 10 seconds.